 Dungeon Crawl Stone Soup version 0.19-a0-2013-g488b080 (console) character file.

903 sorlin the Shield-Bearer (level 8, -7/58 HPs)
             Began as a Formicid Fighter on Jan 16, 2017.
             Was an Initiate of Cheibriados.
             Mangled by an orc warrior
             ... wielding a +0 glaive
              (18 damage)
             ... on level 6 of the Dungeon.
             The game lasted 00:11:14 (4435 turns).

sorlin the Shield-Bearer (Formicid Fighter)         Turns: 4435, Time: 00:11:14

Health: -7/58      AC:  8    Str: 22    XL:     8   Next: 29%
Magic:  8/8        EV:  9    Int: 11    God:    Cheibriados [......]
Gold:   72         SH: 11    Dex: 11    Spells: 7/7 levels left

rFire  . . .     SeeInvis +     a - +0 flail
rCold  . . .     Faith    .     l - +0 scale mail
rNeg   . . .     Spirit   .     c - +0 shield
rPois  +         Reflect  .     (helmet unavailable)
rElec  .                        (no cloak)
rCorr  .                        h - +0 pair of gloves
MR     .....                    (no boots)
Stlth  ..........               (no amulet)
                                q - +3 ring of slaying
                                g - ring of poison resistance

@: very slow
A: permanent stasis, dig shafts and tunnels, four strong arms, antennae 3
a: Dig, Shaft Self, Bend Time, Renounce Religion


You were on level 6 of the Dungeon.
You worshipped Cheibriados.
Cheibriados was noncommittal.
You were not hungry.

You visited 2 branches of the dungeon, and saw 7 of its levels.

You collected 290 gold pieces.
You spent 218 gold pieces at shops.


Innate Abilities, Weirdness & Mutations

You are under a permanent stasis effect.
You can dig through walls and to a lower floor.
Your four strong arms can wield two-handed weapons with a shield.
You have a pair of large antennae on your head. (SInv)


   Skills:
 - Level 3.2 Fighting
 - Level 7.3 Maces & Flails
 - Level 3.2 Armour
 + Level 0.3 Dodging
 * Level 7.4 Shields


You had 7 spell levels left.
You didn't know any spells.

Inventory:

Hand Weapons
 a - a +0 flail (weapon)
 b - a +0 hunting sling
Missiles
 e - 104 javelins (quivered)
 m - 247 sling bullets
Armour
 c - a +0 shield (worn)
 h - a +0 pair of gloves (worn)
 l - a +0 scale mail (worn)
Jewellery
 g - a ring of poison resistance (left hand)
 q - a +3 ring of slaying (right hand)
Wands
 n - a wand of paralysis (9/18)
Scrolls
 f - a scroll of fear {!r}
 j - a scroll of fog
 k - a scroll of enchant armour
 p - a scroll of recharging
Potions
 d - 3 potions of might {!q}
 i - a potion of brilliance {!q}
 o - a potion of ambrosia


Message History

No target in view!
Found 49 arrows.
You sense a monster nearby.
An orc comes into view.
It is wielding a +0 whip of electrocution.
The orc shouts!
An orc and an orc warrior come into view.
The orc warrior shouts!
Found a stone staircase leading up.
You hit the orc (4).
The orc is heavily wounded.
The orc barely misses you.
You thump the orc (14)!
You kill the orc!
Cheibriados appreciates the change of pace.
You block the orc warrior's attack.
You see here a +0 short sword.
You thump the orc (17)!
You kill the orc!
Cheibriados appreciates the change of pace.
You block the orc warrior's attack. The orc warrior completely misses you.
Things that are here:
a +0 whip of electrocution; a +0 leather armour You hit the orc warrior but do no damage.
A bullfrog comes into view.
You hit the orc warrior (1).
The orc warrior is lightly wounded.
The orc warrior hits you but does no damage.
You hit the orc warrior but do no damage.
The orc warrior is lightly wounded.
The orc warrior completely misses you.
You sock the orc warrior (8)!
The orc warrior is moderately wounded.
The orc warrior hits you with a +0 glaive (25)!!
You block the bullfrog's attack.
You take 25 damage.
You hit the orc warrior but do no damage.
The orc warrior is moderately wounded.
The bullfrog barely misses you.
The orc warrior hits you with a +0 glaive (20)!!
* * * LOW HITPOINT WARNING * * *
You take 20 damage.
You are too injured to fight recklessly!
You extend your mandibles.
Are you sure you want to shaft yourself?
The bullfrog hits you (2).
* * * LOW HITPOINT WARNING * * *
You block the bullfrog's attack.
The orc warrior hits you with a +0 glaive (18)!!
You die...

... #... .......# ##...#
.......## ......
......... { ........
........ .........
...... #.........
...#######...##....
#######F##...##...##....
......o@).........##....
...................#....
#..................#....
#.<..........(.....#....
###############...##....
....###...##....
..........##....
................
................
................
..........##....


You could see an orc warrior and a bullfrog.

Vanquished Creatures
  3 ogres
  A water moccasin skeleton (D:5)
  A howler monkey (D:3)
  4 crimson imps
  An orc priest (D:4)
  A hound (D:5)
  A jelly (D:5)
  A bullfrog skeleton (D:4)
  A centaur skeleton (D:5)
  Terence (D:2)
  2 hound skeletons
  6 gnolls
  6 adders
  A shadow imp (D:5)
  3 oozes
  2 dart slugs
  2 leopard geckos
  9 orcs
  11 bats
  2 giant cockroaches
  8 goblins
  4 hobgoblins
  7 jackals
  2 quokkas (D:3)
  2 ball pythons (D:2)
  6 frilled lizards
  9 kobolds
  5 rats
102 creatures vanquished.

Notes
Turn   | Place    | Note
-------+----------+-------------------------------------------
     0 | D:1      | sorlin the Formicid Fighter began the quest for the Orb.
     0 | D:1      | Reached XP level 1. HP: 18/18 MP: 1/1
     3 | D:1      | Noticed a minotaur zombie
    10 | D:1      | Noticed a minotaur zombie
    19 | D:1      | Noticed a minotaur zombie
   282 | D:1      | Reached XP level 2. HP: 24/24 MP: 2/2
   485 | D:1      | Reached skill level 3 in Maces & Flails
   717 | D:2      | Reached XP level 3. HP: 29/29 MP: 3/3
   804 | D:2      | Reached skill level 4 in Maces & Flails
   804 | D:2      | Reached XP level 4. HP: 33/35 MP: 4/4
   994 | D:2      | Noticed Terence
  1000 | D:2      | Killed Terence
  1115 | D:2      | Reached XP level 5. HP: 36/41 MP: 5/5
  1313 | D:3      | Reached skill level 5 in Maces & Flails
  1398 | D:3      | Reached skill level 4 in Shields
  1821 | D:3      | Reached XP level 6. HP: 45/47 MP: 6/6
  2435 | D:4      | Found Vompogre's Armour Emporium.
  2543 | D:4      | Found Xeso's Book Shop.
  2549 | D:4      | Noticed an ogre
  2557 | D:4      | Killed an ogre
  2557 | D:4      | Reached skill level 6 in Maces & Flails
  2557 | D:4      | Reached skill level 5 in Shields
  2557 | D:4      | Reached XP level 7. HP: 40/52 MP: 7/7
  2768 | D:4      | Found Tiateytt's Assorted Antiques.
  2837 | D:4      | Bought 2 potions of might for 184 gold pieces
  2837 | D:4      | Bought a +0 hunting sling for 34 gold pieces
  3127 | D:4      | Found Visah's Jewellery Shop.
  3456 | D:4      | Reached skill level 6 in Shields
  3703 | D:5      | Entered Level 5 of the Dungeon
  3703 | D:5      | Found a staircase to the Ecumenical Temple.
  3714 | Temple   | Entered the Ecumenical Temple
  3856 | Temple   | Became a worshipper of Cheibriados the Contemplative
  3930 | D:5      | Found Jyalec's Antique Weapon Boutique.
  3995 | D:5      | Reached skill level 7 in Maces & Flails
  3995 | D:5      | Reached XP level 8. HP: 58/58 MP: 8/8
  4093 | D:5      | Reached skill level 7 in Shields
  4433 | D:6      | HP: 13/58 [orc warrior/+0 glaive (20)]
  4435 | D:6      | Mangled by an orc warrior

Vault maps used:
D:1:      shiori_arrival_whats_in_store_for_you, serial_bayou,
          serial_bayou_shore_b, serial_bayou_lagoon_b, serial_bayou_lake_a,
          serial_bayou_pond_c, serial_bayou_pond_e
D:2:      first_bread, uniq_terence
D:3:      minivault_14, minmay_misc_feat_encased
D:4:      serial_shops, shop, shop, nicolae_shop_crystal,
          nicolae_shop_window_shopping
D:5:      serial_shops, nicolae_shop_stone, grunt_decor_mini_mirrors
D:6:      serial_undead, serial_undead_f, serial_undead_b, serial_undead_a,
          serial_undead_e, uniq_grinder, uniq_menkaure
Temple:   regret_index_temple_mists

Action                   |  1- 3 |  4- 6 |  7- 9 || total
-------------------------+-------+-------+-------++-------
Melee: Flail             |    80 |   202 |   117 ||   399
Throw: Javelin           |     4 |       |    11 ||    15
 Abil: Dig               |     2 |     3 |     1 ||     6
       Shaft Self        |       |       |     1 ||     1
Armor: Scale mail        |    26 |    92 |    35 ||   153
Dodge: Dodged            |    19 |    66 |    41 ||   126
Block: Shield            |    41 |   110 |    68 ||   219
